Map: Dash and Terminal LE (Void)

Players

qxc - Winner!

  • Race: Terran Terran
  • League: Master

Randöm

  • Race: Zerg Zerg
  • League: Master

Event: Lycan League Weekly August #2

VOD

Have the link to the VOD?

Description

Time

  • Played on: Aug. 10, 2015, 12:25 p.m.
  • Length: 5:44

All games in this series

Show
View Real Time Build Order
Export as new Build Order

qxc Terran - Winner!

Build Orders: Liberator Opening, Reaper Expand, Hellion Banshee 

Get SALT Encoding   

  12  0:00  SCV  
  13  0:13  SCV  
  14  0:17  Supply Depot  
  14  0:25  SCV  
  15  0:33  Refinery  
  15  0:39  SCV  
  16  0:44  Barracks  
  16  0:51  SCV  
  17  1:03  SCV  
  18  1:15  SCV  
  19  1:31  Orbital Command  
  19  1:32  Reaper  
  20  1:43  Command Center  
  20  1:54  Factory  
  20  1:58  SCV  
  21  2:05  Supply Depot  
  21  2:10  Barracks Reactor  
  21  2:12  SCV  
  22  2:27  SCV  
  23  2:36  Refinery  
  23  2:39  SCV  
  24  2:50  Starport  
  24  2:51  SCV  
  25  2:53  Hellion x2  
  25  2:57  Orbital Command  
  29  3:03  SCV  
  30  3:10  Liberator  
  30  3:14  Hellion x2  
  30  3:15  SCV  
  35  3:24  SCV  
  36  3:27  SCV  
  40  3:35  Supply Depot  
  40  3:36  SCV  
  40  3:37  Hellion  
  40  3:40  Hellion  
  45  3:45  SCV  
  43  3:50  SCV  
  42  3:57  SCV  
  42  4:02  SCV  
  44  4:04  Armory  
  44  4:07  Hellion x2  
  44  4:09  SCV  
  49  4:12  Starport Tech Lab  
  49  4:14  SCV  
  49  4:21  SCV  
  50  4:26  SCV  
  51  4:34  Hellion x2  
  51  4:36  Supply Depot  
  53  4:42  Banshee  
  54  4:47  Supply Depot  
  54  4:49  Hellion x4  
  54  4:52  SCV x2  
  53  5:04  SCV x2  
  51  5:10  Hellion x2  
  53  5:18  SCV  
  54  5:22  Factory  
  54  5:24  Factory  
  54  5:26  Command Center  
  54  5:27  SCV  
  59  5:39  Refinery  
  59  5:40  Supply Depot x2  
Show
View Real Time Build Order
Export as new Build Order

Randöm Zerg 

Build Orders: Hatch First 

Get SALT Encoding   

  12  0:01  Drone  
  13  0:08  Drone  
  14  0:17  Overlord  
  14  0:22  Extractor  
  14  0:23  Drone  
  14  0:30  Extractor  
  14  0:31  Drone  
  16  0:36  Drone  
  17  0:55  Hatchery  
  17  0:57  Drone  
  17  1:00  Drone  
  17  1:02  Extractor  
  17  1:05  Drone  
  18  1:21  Spawning Pool  
  18  1:23  Drone  
  18  1:27  Drone  
  19  1:38  Drone  
  20  1:53  Overlord  
  20  1:59  Drone  
  21  2:07  Drone, Queen  
  21  2:08  Metabolic Boost  
  24  2:24  Extractor  
  24  2:25  Zergling x2  
  24  2:26  Zergling x4  
  26  2:31  Spore Crawler  
  26  2:34  Extractor  
  24  2:43  Spine Crawler  
  22  2:48  Drone x3  
  27  2:51  Queen  
  27  2:58  Extractor  
  26  2:59  Spore Crawler  
  26  3:01  Zergling x2  
  26  3:03  Zergling x2  
  26  3:10  Drone  
  29  3:16  Roach Warren  
  29  3:17  Drone  
  28  3:38  Drone x2  
  29  3:54  Overlord x2  
  27  3:55  Overlord  
  27  3:59  Roach x2  
  27  4:00  Roach x2  
  34  4:12  Roach x3  
  34  4:13  Roach x2  
  39  4:19  Roach  
  39  4:26  Roach  
  39  4:36  Roach x2  
  42  4:48  Roach  
  42  4:51  Zergling x2  
  42  4:52  Zergling x4  
  43  5:08  Roach  
  43  5:13  Zergling x4  
  43  5:14  Zergling x6  
  40  5:24  Roach  
  40  5:27  Zergling x2  

Tags
 
Add a new tag
Caveats
  • Supply blocks, unpowered buildings, or Contaminate may cause inaccurate times.
  • Supply counts are checked every 10 seconds.